cohdb
Replays
Latest Replays
All Replays
Popular Replays
Top Player Replays
Match Explorer
How It Works
Community
CoH3 Stats
Reddit
Sign in to upload your games and track your stats! →
Sign in with Steam
Match 46723477
Unlisted
Match 46723477
Overview
Messages
Build Orders
End
Construct Barracks
Selects Armored Battlegroup
Selects Veteran Crews
Riflemen Squad
1⁄4-ton 4x4 Truck
Riflemen Squad
Riflemen Squad
Construct Medical Station
Grenade Package
Riflemen Squad
Mechanized Support Center
Construct Motor Pool
M8 Greyhound Armored Car
M1 Anti-tank Gun Team
Selects Fast Deploy
Selects Field Repairs
Improvised Armor
Riflemen Squad
Engineer Squad
M24 Chaffee Light Tank
Engineer Squad
M3 75 mm Gun Motor Carriage
M8 Greyhound Armored Car
Dark Lord Cthulhu
Samp
0
0
Comments
sign in to comment!
No comments posted yet!